 Dungeon Crawl Stone Soup version 0.24.0-41-g2ae2f7f1be (console) character file.

Game seed: 11187510598957162954, levelgen mode: deterministic

63037 Kagalorn the Mender (level 14, -3/121 HPs)
             Began as a Deep Dwarf Fighter on Dec 13, 2019.
             Was a Priest of Elyvilon.
             Slain by a death knight
             ... wielding a +2 battleaxe
              (26 damage)
             ... on level 11 of the Dungeon.
             The game lasted 01:07:46 (17039 turns).

Kagalorn the Mender (Deep Dwarf Fighter)           Turns: 17039, Time: 01:07:46

Health: -3/121     AC: 18    Str: 26    XL:     14   Next: 66%
Magic:  17/23      EV:  7    Int: 13    God:    Elyvilon [***...]
Gold:   952        SH: 13    Dex: 14    Spells: 13/13 levels left

rFire    x . .     SeeInvis +   b - +9 spear of Roisch {elec, rF- MR++}
rCold    . . .     Gourm    .   c - +0 shield
rNeg     + + .     Faith    .   o - +2 plate armour {MR+}
rPois    +         Spirit   .   (no helmet)
rElec    .         Reflect  .   R - scarf {repulsion}
rCorr    .         Harm     .   E - +0 pair of gloves of Finter {Dex+2}
MR       ++...                  (no boots)
Stlth    ..........             (no amulet)
HPRegen  0.00/turn              s - +5 ring of strength
MPRegen  0.18/turn              Q - ring of Syndicalism {rPois rN+ SInv Stlth+}

@: vulnerable, non-regenerating, repel missiles
A: damage resistance, heal wounds, negative energy resistance 1, sense
surroundings 2, no regeneration
a: Heal Wounds, Lesser Healing, Heal Other, Purification, Divine Protection,
Renounce Religion


You were on level 11 of the Dungeon.
You worshipped Elyvilon.
Elyvilon was most pleased with you.
You were near starving.

You visited 3 branches of the dungeon, and saw 18 of its levels.
You also visited: Sewer and Gauntlet.

You collected 952 gold pieces.

Inventory:

Hand Weapons
 a - a +3 war axe of freezing
 b - the +9 spear of Roisch (weapon) {elec, rF- MR++}
   (You found it on level 4 of the Dungeon)

   Occasionally, upon striking a foe, it will discharge some electrical energy
   and cause terrible harm.
   It makes you vulnerable to fire.
   It affects your resistance to hostile enchantments.
 y - the +5 flail "Jaosch" {flame, Dex+4}
   (You found it on level 6 of the Lair of Beasts)

   It has been specially enchanted to burn those struck by it, causing extra
   injury to most foes and up to half again as much damage against particularly
   susceptible opponents.
   It affects your dexterity (+4).
Missiles
 g - 111 poisoned darts (quivered)
 i - 343 stones
 l - 20 javelins
 D - 92 bolts
 L - 4 throwing nets
Armour
 c - a +0 shield (worn)
 o - a +2 plate armour of magic resistance (worn)
 E - the +0 pair of gloves of Finter (worn) {Dex+2}
   (You found it in a Gauntlet)

   It affects your dexterity (+2).
 H - a +0 large shield
 N - a +1 pair of gloves
 R - a scarf of repulsion (worn)
Jewellery
 e - the ring "Taefefukh" {Ice MP+9 Int+3 Dex+6}
   (You found it in a Gauntlet)

   [ring of ice]

   It enhances your ice magic.
   It affects your intelligence (+3).
   It affects your dexterity (+6).
   It makes you vulnerable to fire.
   It protects you from cold.
   It affects your magic capacity (+9).
 q - an uncursed ring of protection from magic
 s - a +5 ring of strength (left hand)
 O - an uncursed ring of resist corrosion
 Q - the ring of Syndicalism (right hand) {rPois rN+ SInv Stlth+}
   (You found it on level 9 of the Dungeon)

   [ring of positive energy]

   It protects you from poison.
   It protects you from negative energy.
   It lets you see invisible.
   It makes you more stealthy.
Wands
 u - a wand of digging (10)
 C - a wand of iceblast (3)
 T - a wand of acid (8)
 V - a wand of flame (17)
 Y - a wand of enslavement (2)
Scrolls
 h - 3 scrolls of magic mapping
 m - 11 scrolls of teleportation
 r - 5 scrolls of enchant armour
 t - 2 scrolls of blinking
 z - 6 scrolls of amnesia
 B - 3 scrolls of fear
 F - 11 scrolls of remove curse
 G - a scroll of fog
 I - 9 scrolls of identify
 J - 2 scrolls of enchant weapon
Potions
 d - 3 potions of might
 j - 12 potions of curing
 k - 9 potions of mutation
 n - 4 potions of flight
 p - 2 potions of cancellation
 v - 2 potions of invisibility
 w - 5 potions of heal wounds
 x - 2 potions of lignification
 A - 3 potions of resistance
 K - 2 potions of agility
 M - 2 potions of berserk rage
 U - 3 potions of brilliance
 X - 2 potions of haste
Miscellaneous
 P - a box of beasts
Comestibles
 f - 32 rations


   Skills:
 * Level 6.7 Fighting
 - Level 14.0 Axes
 + Level 11.9 Armour
 + Level 10.3 Shields
 * Level 20.1 Invocations


You had 13 spell levels left.
You didn't know any spells.
Your spell library contained the following spells:

 Spells                   Type           Power        Failure   Level  Hunger
 Magic Dart               Conj           #...         99%         1    ##.....
 Sting                    Conj/Pois      #...         99%         1    ##.....
 Blink                    Tloc           N/A          100%        2    ###....
 Call Imp                 Summ           #.......     100%        2    ###....
 Poisonous Vapours        Pois/Air       #.....       100%        2    ###....
 Slow                     Hex            #.......     100%        2    ###....
 Conjure Flame            Conj/Fire      #.......     100%        3    ####...
 Mephitic Cloud           Conj/Pois/Air  #.......     100%        3    ####...
 Static Discharge         Conj/Air       #.......     100%        3    ####...
 Force Lance              Conj/Tloc      #.......     100%        4    #####..
 Leda's Liquefaction      Hex/Erth       #.........   100%        4    #####..
 Olgreb's Toxic Radiance  Pois           #.......     100%        4    #####..
 Bolt of Magma            Conj/Fire/Erth #.........   100%        5    ######.
 Irradiate                Conj/Tmut      #.........   100%        5    ######.
 Iskenderun's Battlesphe  Conj/Chrm      #.......     100%        5    ######.
 Venom Bolt               Conj/Pois      #.........   100%        5    ######.
 Deflect Missiles         Chrm/Air       #.........   100%        6    #######
 Iron Shot                Conj/Erth      #.........   100%        6    #######
 Orb of Destruction       Conj           #.........   100%        7    #######
 Spellforged Servitor     Conj/Summ      #.........   100%        7    #######


Dungeon Overview and Level Annotations

Branches:
Dungeon (11/15)            Temple (1/1) D:4            Lair (6/6) D:9
  Swamp (0/4) Lair:4        Snake (0/4) Lair:2        Slime (0/5) Lair:5
    Orc (0/2) D:9           Sewer (visited)         Gauntlet (visited)

Altars:
Ashenzari
Cheibriados
Dithmenos
Elyvilon
Fedhas
Gozag
Hepliaklqana
Kikubaaqudgha
Makhleb
Nemelex Xobeh
Okawaru
Qazlal
Ru
Sif Muna
Trog
Uskayaw
Vehumet
Wu Jian
Xom
Yredelemnul
Zin
The Shining One

Annotations:
D:3 2 transporters, dasteron's ghost, amateur VSAs


Innate Abilities, Weirdness & Mutations

You are resistant to damage.
You can heal yourself by infusing magical energy.
You resist negative energy. (rN+)
You passively map the area around you.
You do not regenerate.


Message History

* * * LOW HITPOINT WARNING * * *
You block the phantasmal warrior's attack.
You hit the death knight but do no damage.
The death knight is severely wounded.
You block the death knight's attack.
You hit the death knight but do no damage.
Lightning courses through the death knight!!
The death knight is almost dead.
The phantasmal warrior hits you!!
* * * LOW HITPOINT WARNING * * *
You are healed.
You feel somewhat more hungry.
You can no longer provide greater healing for yourself.
You block the phantasmal warrior's attack.
The death knight hits you with a +2 battleaxe!
* * * LOW HITPOINT WARNING * * *
You are healed.
You are near starving!
The phantasmal warrior barely misses you.
The death knight hits you with a +2 battleaxe!!
You die...

............# #.#
............# #.#
*,, *
............# #.#
, * ............#
#.# , *
............# #.#
* , , ............
#W# *,
..........., #W# ,
, ............#
#p# ,*
............# #@#
* ............#
#W# *
............# #.#
, .....>......#
#.# ............#
#.# *
............# #.#
[...........# #.#
*, ............#
#.# , ,
............####.#
* ,


You could see a death knight, a phantasmal warrior, a freezing wraith and a
wraith.

Vanquished Creatures
  Kirke (Lair:5)
  A minotaur (Gauntlet)
  Harold (Lair:2)
  5 hydras
  3 catoblepae (Lair:6)
  10 death yaks
  An unseen horror (D:11)
  Pikel (D:6)
  A deep elf mage (D:10)
  2 manticores (Lair:6)
  A guardian serpent (Lair:2)
  14 elephants
  Psyche (D:9)
  A black mamba (Lair:1)
  14 spiny frogs
  3 rime drakes (Lair:4)
  8 komodo dragons
  4 trolls
  A polar bear (Lair:6)
  9 dream sheep
  16 blink frogs
  9 hippogriffs
  6 slime creatures
  Grinder (D:3)
  5 shadows (Gauntlet)
  A spriggan (Lair:3)
  Sigmund (D:2)
  64 yaks
  11 wyverns
  5 basilisks
  5 hogs (Lair:5)
  Grum (D:11)
  6 porcupines
  2 orc warriors
  15 water moccasins
  Purgy (Sewer)
  2 sky beasts (D:5)
  2 eyes of draining (D:10)
  3 black bears
  2 phantoms
  4 ogres
  9 centaurs
  12 wolves
  10 crocodiles
  10 bullfrogs
  A wyvern zombie (D:7)
  4 scorpions
  46 killer bees (Lair:1)
  2 vampire bats (D:9)
  3 howler monkeys
  4 crimson imps
  Crazy Yiuf (D:3)
  2 jellies
  2 bullfrog zombies
  A centaur skeleton (D:8)
  2 hounds
  4 orc wizards
  2 orc priests
  2 bullfrog skeletons
  2 iguanas
  9 worker ants
  Terence (D:2)
  A hound zombie (D:9)
  A hound skeleton (D:7)
  A worker ant zombie (D:5)
  5 gnolls
  11 adders
  2 shadow imps
  An ooze (D:3)
  2 adder skeletons
  3 worms
  2 dart slugs
  11 leopard geckos
  30 orcs
  4 ball pythons
  7 bats
  3 bat skeletons (D:9)
  4 bat zombies (D:9)
  7 giant cockroaches
  9 goblins
  7 hobgoblins
  13 jackals
  5 quokkas
  9 frilled lizards
  A jackal skeleton (D:4)
  9 kobolds
  A leopard gecko zombie (D:8)
  A quokka skeleton (D:4)
  A quokka zombie (D:5)
  8 rats
532 creatures vanquished.

Vanquished Creatures (others)
  A blink frog (Lair:5)
  A goblin (D:2)
  17 demonic plants (Gauntlet)
  24 fungi
  9 plants
52 creatures vanquished.

Grand Total: 584 creatures vanquished

Notes
Turn   | Place    | Note
-------+----------+-------------------------------------------
     0 | D:1      | Kagalorn the Deep Dwarf Fighter began the quest for the
                  | Orb.
     0 | D:1      | Reached XP level 1. HP: 20/20 MP: 1/1
    69 | D:1      | Reached XP level 2. HP: 27/27 MP: 2/2
   362 | D:1      | Reached XP level 3. HP: 33/33 MP: 3/3
   683 | D:2      | Noticed Sigmund
   818 | D:2      | Killed Sigmund
   818 | D:2      | Reached XP level 4. HP: 30/40 MP: 4/4
   818 | D:2      | Reached XP level 5. HP: 34/46 MP: 5/5
   927 | D:2      | Found a radiant altar of Vehumet.
  1450 | D:2      | Noticed Terence
  1481 | D:2      | Killed Terence
  1566 | D:2      | Reached XP level 6. HP: 24/55 MP: 6/6
  2311 | D:3      | Found a transporter.
  2419 | D:3      | Noticed Grinder
  2445 | D:3      | Paralysed by Grinder for 5 turns
  2485 | D:3      | Killed Grinder
  2485 | D:3      | Reached XP level 7. HP: 26/61 MP: 6/6
  2572 | D:3      | Noticed dasteron's ghost (amateur VSAs)
  2578 | D:3      | Found a transporter.
  2699 | D:3      | Found a runed translucent door.
  2700 | D:3      | Noticed Crazy Yiuf
  2779 | D:3      | Killed Crazy Yiuf
  3078 | D:4      | Got an encrusted spear
  3100 | D:4      | Found a staircase to the Ecumenical Temple.
  3108 | Temple   | Entered the Ecumenical Temple
  3266 | Temple   | Became a worshipper of Elyvilon the Healer
  3695 | D:5      | Entered Level 5 of the Dungeon
  3787 | D:5      | Reached skill level 10 in Axes
  3863 | D:5      | Reached * piety under Elyvilon
  4090 | D:5      | Found a sparkling altar of Nemelex Xobeh.
  4132 | D:5      | Reached XP level 8. HP: 51/68 MP: 5/5
  4366 | D:6      | Found a shadowy altar of Dithmenos.
  4367 | D:6      | Found a glowing golden altar of the Shining One.
  4436 | D:6      | Noticed a hippogriff
  4478 | D:6      | Killed a hippogriff
  4580 | D:6      | Found an iron altar of Okawaru.
  4610 | D:6      | Found a glowing drain.
  4625 | Sewer    | Entered a sewer
  4681 | Sewer    | Noticed Purgy
  4686 | Sewer    | Killed Purgy
  4946 | D:6      | Found a glowing silver altar of Zin.
  4947 | D:6      | Noticed an angel
  4996 | D:6      | Noticed Pikel
  5023 | D:6      | Killed Pikel
  5023 | D:6      | Reached skill level 1 in Invocations
  5023 | D:6      | Gained mutation: You passively map the area around you.
                  | [Deep Dwarf growth]
  5023 | D:6      | Reached XP level 9. HP: 55/74 MP: 5/7
  5316 | D:7      | Reached skill level 2 in Invocations
  5356 | D:7      | Reached ** piety under Elyvilon
  6107 | D:8      | Reached skill level 3 in Invocations
  6252 | D:8      | Reached skill level 4 in Invocations
  6289 | D:8      | Reached skill level 5 in Invocations
  6294 | D:8      | Reached skill level 6 in Invocations
  6490 | D:7      | Reached skill level 7 in Invocations
  6490 | D:7      | Reached XP level 10. HP: 19/81 MP: 0/12
  6663 | D:8      | Reached skill level 8 in Invocations
  6900 | D:8      | Reached skill level 9 in Invocations
  6921 | D:8      | Identified the +9 spear of Roisch {elec, rF- MR++} (You
                  | found it on level 4 of the Dungeon)
  7051 | D:9      | Found a staircase to the Orcish Mines.
  7080 | D:9      | Noticed Psyche
  7098 | D:9      | Killed Psyche
  7098 | D:9      | Reached skill level 10 in Invocations
  7270 | D:9      | Got a warped tin ring
  7289 | D:9      | Identified the ring of Syndicalism {rPois rN+ SInv Stlth+}
                  | (You found it on level 9 of the Dungeon)
  7326 | D:9      | Found an ancient bone altar of Kikubaaqudgha.
  7330 | D:9      | Reached skill level 11 in Invocations
  7373 | D:9      | Noticed an elephant
  7413 | D:9      | Killed an elephant
  7479 | D:9      | Reached skill level 12 in Invocations
  7519 | D:9      | Found a staircase to the Lair.
  7838 | D:10     | Entered Level 10 of the Dungeon
  7838 | D:10     | Reached *** piety under Elyvilon
  8066 | D:10     | Noticed a deep elf mage
  8185 | D:10     | Killed a deep elf mage
  8185 | D:10     | Reached skill level 13 in Invocations
  8214 | D:10     | Reached XP level 11. HP: 47/88 MP: 0/16
  8640 | D:11     | Noticed Grum
  8641 | D:11     | Noticed an unseen horror
  8691 | D:11     | Killed Grum
  8710 | D:11     | Killed an unseen horror
  8771 | D:11     | Noticed an eight-headed hydra
  8798 | D:10     | Reached skill level 14 in Invocations
  8869 | Lair:1   | Entered Level 1 of the Lair of Beasts
  8872 | Lair:1   | Found a gate leading to a gauntlet.
  8890 | Gauntlet | Entered a Gauntlet
  8890 | Gauntlet | Found a transporter.
  8890 | Gauntlet | Found a transporter.
  8892 | Gauntlet | Noticed a necromancer
  8894 | Gauntlet | Found a transporter.
  8894 | Gauntlet | Found a transporter.
  8903 | Gauntlet | Found a transporter.
  8921 | Gauntlet | Noticed a hell hog
  8921 | Gauntlet | Noticed a reaper
  8922 | Gauntlet | Found a transporter.
  8932 | Gauntlet | Found a transporter.
  8932 | Gauntlet | Found a transporter.
  8932 | Gauntlet | Noticed a green death
  8937 | Gauntlet | Found a transporter.
  8966 | Gauntlet | Found a transporter.
  8973 | Gauntlet | Found a transporter.
  9018 | Gauntlet | Found a transporter.
  9028 | Gauntlet | Found a transporter.
  9042 | Gauntlet | Found a transporter.
  9143 | Gauntlet | Found a transporter.
  9161 | Gauntlet | Found a transporter.
  9262 | Gauntlet | Identified the Papyrus of the Vulture
  9328 | Gauntlet | Got a twitching platinum ring
  9459 | Gauntlet | Got a pair of transparent gloves
  9464 | Gauntlet | Got a distressingly furry scale mail
  9486 | Gauntlet | Identified the cursed +0 pair of gloves of Finter {Dex+2}
                  | (You found it in a Gauntlet)
  9496 | Gauntlet | Identified the +0 scale mail "Vib Kevu" {rPois rF+ Str+7}
                  | (You found it in a Gauntlet)
  9528 | Gauntlet | Noticed a minotaur
  9541 | Gauntlet | Killed a minotaur
  9541 | Gauntlet | Reached skill level 15 in Invocations
  9557 | Gauntlet | Identified the Handbook of Aerial Poison
  9589 | Gauntlet | Identified the ring "Taefefukh" {Ice MP+9 Int+3 Dex+6} (You
                  | found it in a Gauntlet)
  9868 | Lair:1   | Reached skill level 16 in Invocations
 10830 | Lair:2   | Found a staircase to the Snake Pit.
 10978 | Lair:2   | Reached XP level 12. HP: 94/96 MP: 15/20
 11007 | Lair:2   | Found a shadowy altar of Dithmenos.
 11084 | Lair:2   | Reached skill level 5 in Armour
 11254 | Lair:2   | Noticed a five-headed hydra
 11265 | Lair:2   | Pacified a seven-headed hydra
 11265 | Lair:2   | Reached skill level 17 in Invocations
 11493 | Lair:2   | Noticed Harold
 11512 | Lair:2   | Killed Harold
 11812 | Lair:2   | Reached skill level 5 in Shields
 11934 | Lair:2   | Noticed an eight-headed hydra
 11938 | Lair:2   | Pacified an eight-headed hydra
 12134 | Lair:3   | Reached skill level 18 in Invocations
 12329 | Lair:3   | Noticed a five-headed hydra
 12339 | Lair:3   | Killed a five-headed hydra
 12453 | Lair:3   | Noticed a dire elephant
 12456 | Lair:3   | Pacified a dire elephant
 12543 | Lair:3   | Reached XP level 13. HP: 76/102 MP: 22/22
 13001 | Lair:4   | Reached **** piety under Elyvilon
 13207 | Lair:4   | Found a staircase to the Swamp.
 13390 | Lair:4   | Reached skill level 19 in Invocations
 13547 | Lair:4   | Reached skill level 10 in Armour
 14028 | Lair:5   | Noticed Kirke
 14058 | Lair:5   | Noticed a sphinx
 14058 | Lair:5   | Killed Kirke
 14065 | Lair:5   | Found a staircase to the Slime Pits.
 14200 | Lair:5   | Identified a scroll of acquirement
 14326 | Lair:5   | HP: 2/102 [blink frog (9)]
 14852 | Lair:5   | Gained mutation: You resist negative energy. (rN+) [Deep
                  | Dwarf growth]
 14852 | Lair:5   | Reached XP level 14. HP: 60/111 MP: 23/23
 15059 | Lair:6   | Entered Level 6 of the Lair of Beasts
 15388 | Lair:6   | Got a faintly glowing flail
 15389 | Lair:6   | Identified the +5 flail "Jaosch" {flame, Dex+4} (You found
                  | it on level 6 of the Lair of Beasts)
 15473 | Lair:6   | Reached skill level 5 in Fighting
 15710 | Lair:6   | Reached skill level 20 in Invocations
 15841 | Lair:6   | Reached skill level 10 in Shields
 17039 | D:11     | Slain by a death knight

Levels and vault maps discovered:
D:1:      minmay_arrival_four_circles, layout_rooms
D:2:      layout_basic, fiery_altar_vehumet, uniq_sigmund, uniq_terence
D:3:      layout_loops_ring, gammafunk_ghost_gnarly_gnolls, first_ration,
          minmay_misc_feat_columns, uniq_crazy_yiuf_cottage, uniq_grinder
D:4:      layout_loops_ring, minmay_temple_entry_slanted
D:5:      layout_gridville, nemelex_spade_bored_becter
D:6:      layout_loops_ring, zin_angel, lemuel_crystal_altar,
          gammafunk_temple_overflow_pools, serial_rivers,
          chequers_serial_rivers_micro_a, chequers_serial_rivers_room_b,
          chequers_serial_rivers_micro_b, chequers_serial_rivers_marsh,
          portal_sewer_entry_a, minmay_starry_boxes, uniq_pikel
D:7:      layout_loops_cross, grunt_ogre_cave
D:8:      layout_basic, unseen_surprise_small
D:9:      layout_long_grid, kennysheep_vampire_church, david_lair_generic,
          orc_0_dummy, uniq_psyche
D:10:     layout_roguey, glass_columns_a
D:11:     layout_long_grid, minivault_25_ag, uniq_grum
Temple:   regret_index_temple_sphere_string
Lair:1:   wad_woods_minihive, layout_cave_pods, gauntlet_entry_generic
Lair:2:   layout_cave_pods, minmay_snake_entry_spellcaster, basic_altar,
          grunt_megastairs_4, uniq_harold
Lair:3:   mu_elephants_graveyard, layout_big_grid
Lair:4:   layout_gridlike, swamp_mist, special_room [special_room_mythical_zoo]
Lair:5:   layout_roguey, slime_dummy, uniq_kirke
Lair:6:   evilmike_catoblepas_cave, layout_regular_city, grunt_megastairs_2

Skill      XL: |  1  2  3  4  5  6  7  8  9 10 11 12 13 14 |
---------------+-------------------------------------------+-----
Axes           | 3 6 7 8 10 12 14 | 14.0
Invocations    | 1 7 13 16 18 19 20 | 20.1
Armour         | 4 8 11 | 11.9
Shields        | 4 6 9 10 | 10.3
Fighting       | 3 6 |  6.7

Action                   |  1- 3 |  4- 6 |  7- 9 | 10-12 | 13-15 || total
-------------------------+-------+-------+-------+-------+-------++-------
Melee: War axe           |    65 |   163 |   427 |   738 |   450 ||  1843
       Spear             |       |       |       |   386 |   470 ||   856
Throw: Dart              |    27 |    33 |    21 |    18 |       ||    99
Invok: Lesser Healing    |       |       |    45 |   176 |   115 ||   336
       Heal Other        |       |       |       |     3 |     1 ||     4
       Greater Healing   |       |       |       |       |     1 ||     1
 Abil: Heal Wounds       |       |     4 |     3 |     1 |     2 ||    10
  Use: Scroll            |       |       |    10 |    14 |     6 ||    30
       Potion            |       |       |       |     3 |       ||     3
  Eat: Chunk             |       |     5 |    15 |    27 |    28 ||    75
       Ration            |       |       |     1 |     7 |     1 ||     9
Armor: Scale mail        |    28 |    61 |    16 |       |       ||   105
       Skin              |     3 |       |       |       |       ||     3
       Plate armour      |       |       |   168 |   662 |   323 ||  1153
Dodge: Dodged            |    24 |    41 |    46 |   218 |   142 ||   471
       Deflected         |       |       |       |     1 |     3 ||     4
Block: Shield            |    37 |    81 |   163 |   625 |   422 ||  1328
